 Dungeon Crawl Stone Soup version 0.29.0-11-gd7f09526c8 (webtiles) character file.

Game seed: 12120406056478728948

220 PhineusFerb the Trooper (level 5, -2/44 (47) HPs)
             Began as a Minotaur Fighter on Sept 5, 2022.
             Killed from afar by an orc wizard (5 damage)
             ... with a magic dart
             ... on level 7 of the Dungeon.
             The game lasted 00:08:43 (1359 turns).

PhineusFerb the Trooper (Minotaur Fighter)          Turns: 1359, Time: 00:08:44

HP:   -2/44 (47)    AC:  8    Str: 22    XL:     5   Next: 64%
MP:   4/4           EV:  9    Int:  5    God:
Gold: 71            SH:  4    Dex: 10    Spells: 4/4 levels left

rFire   . . .      SeeInvis .   a - +0 long sword
rCold   . . .      Faith    .   c - +0 buckler
rNeg    . . .      Spirit   .   b - +1 scale mail
rPois   .          Reflect  .   (helmet restricted)
rElec   .          Harm     .   (no cloak)
rCorr   .          Rampage  .   (no gloves)
Will    .....                   (no boots)
Stlth   ..........              (no amulet)
HPRegen 0.14/turn               (no ring)
MPRegen 0.09/turn               (no ring)

@: drained
A: horns 2, retaliatory headbutt, MP-powered wands
a: no special abilities


You were on level 7 of the Dungeon.
You visited 1 branch of the dungeon, and saw 7 of its levels.

You collected 71 gold pieces.

Inventory:

Hand Weapons
 a - a +0 long sword (weapon)
Armour
 b - a +1 scale mail (worn)
 c - a +0 buckler (worn)
 e - a +0 leather armour
Scrolls
 f - a scroll of identify


   Skills:
 + Level 4.9 Fighting
 + Level 4.5 Long Blades
 + Level 4.8 Armour
 + Level 1.3 Dodging
 + Level 0.1 Stealth
 + Level 4.3 Shields


You had 4 spell levels left.
You didn't know any spells.
Your spell library was empty.

Dungeon Overview and Level Annotations

Branches:
Dungeon (7/15)
 Temple: D:4-7

Altars:
Elyvilon
Ru
Xom


Innate Abilities, Weirdness & Mutations

You have a pair of horns on your head.
You reflexively headbutt those who attack you in melee.
You expend magic power (3 MP) to strengthen your wands.


Message History

There is an open door here.
There is a shimmering altar of Xom here.
You open the door.
Found a clear potion.
Found a stone staircase leading down.
There is an open door here.
d - a clear potion It was a potion of cancellation.
You feel magically purged.
Found 11 gold pieces.
There is a stone staircase leading down here.
You now have 71 gold pieces (gained 11).
There is a stone staircase leading down here.
You climb downwards.
The orc warrior shouts!
Found 7 gold pieces.
Found a stone staircase leading up.
There is a stone staircase leading up here.
There are monsters nearby!
There are monsters nearby!
There are monsters nearby!
There are monsters nearby!
There are monsters nearby!
An orc priest and a wight come into view.
The orc priest shouts!
The wight hits you from afar with a +3 halberd.
You feel drained.
The wight moves out of view.
An orc wizard comes into view. It is wielding a +0 dagger.
The wight hits you with a +3 halberd!
The orc wizard shouts!
You hit the wight but do no damage. The wight hits you with a +3 halberd.
You feel drained. The wight attacks as you move away!
The wight hits you with a +3 scimitar!
The wight hits you from afar with a +3 halberd.
There is a stone staircase leading up here.
You hit the orc priest. You headbutt the orc priest.
The orc priest is heavily wounded.
The wight barely misses you.
The orc warrior hits you with a +0 scimitar!
* * * LOW HITPOINT WARNING * * *
The orc wizard points at you and mumbles some strange words.
The magic dart hits you.
You die...

...## .###....
..... ...... .
#.... .....# ..
#... #....##...
##..##..z......
#....o.........
#.<...oz.......
#o@.z...#
##zz..$.....
#....##....
....### #..
...... .
.......##
##..#...
.......


You could see an orc warrior, 5 wights, an orc priest and an orc wizard.

Vanquished Creatures
  An ogre (D:5)
  A hound (D:4)
  An orc priest (D:4)
  4 adders
  3 dart slugs
  4 orcs (D:4)
  4 endoplasms
  2 goblins (D:4)
  5 hobgoblins
  A kobold (D:2)
  2 quokkas (D:4)
  2 ball pythons
  A bat (D:1)
  3 frilled lizards (D:1)
  3 rats
37 creatures vanquished.

Vanquished Creatures (others)
  66 plants (D:2)
66 creatures vanquished.

Grand Total: 103 creatures vanquished

Notes
Turn   | Place    | Note
-------+----------+-------------------------------------------
     0 | D:1      | PhineusFerb the Minotaur Fighter began the quest for the
                  | Orb.
     0 | D:1      | Reached XP level 1. HP: 19/19 MP: 0/0
    84 | D:1      | Reached XP level 2. HP: 20/27 MP: 1/1
   604 | D:2      | Found a white marble altar of Elyvilon.
   625 | D:2      | Reached XP level 3. HP: 32/33 MP: 2/2
   630 | D:2      | Gained mutation: You expend magic power (3 MP) to
                  | strengthen your wands. [potion of mutation]
   680 | D:4      | Reached XP level 4. HP: 23/41 MP: 3/3
   791 | D:5      | Entered Level 5 of the Dungeon
   803 | D:5      | Noticed an ogre
   810 | D:5      | Killed an ogre
   811 | D:5      | Reached skill level 1 in Dodging
   811 | D:5      | Reached XP level 5. HP: 8/47 MP: 4/4
  1176 | D:4      | Found a sacrificial altar of Ru.
  1305 | D:6      | Found a shimmering altar of Xom.
  1352 | D:7      | Noticed an orc warrior
  1359 | D:7      | Killed from afar by an orc wizard

Illustrated notes

Levels and vault maps discovered:
D:1:      spicycebolla_green_bress_n_ham, layout_basic
D:2:      layout_rooms, basic_altar, serial_bayou, serial_bayou_lagoon_a,
          serial_bayou_shore_b, serial_bayou_pond_e, serial_bayou_crossing,
          uniq_jessica, uniq_crazy_yiuf_cottage
D:3:      layout_basic, ebering_ecumenical_altar_rust
D:4:      layout_rooms, hangedman_ru_absence, lemuel_tele_altar,
          minmay_misc_feat_tiny, interstate_on_off, nrook_mini_vaults,
          minmay_bisected
D:5:      layout_basic, kennysheep_flooded_box
D:6:      kennysheep_windowed_halls, layout_layer_cave, kennysheep_mini_moat
D:7:      layout_cave_pools, minmay_temple_entry_junction,
          dreamdust_princess_bridge

Skill      XL: |  1  2  3  4 |
---------------+-------------+-----
Long Blades    | 3 4 |  4.5
Shields        | 4 |  4.3
Armour         | 4 |  4.8
Fighting       | 4 |  4.9
Dodging        | 1 |  1.3
Stealth        | |  0.1

Action                   |  1- 3 |  4- 6 || total
-------------------------+-------+-------++-------
Melee: Long sword        |   295 |    39 ||   334
       Headbutt          |    53 |     5 ||    58
  Use: Scroll            |     2 |     2 ||     4
       Potion            |     4 |     2 ||     6
Armor: Scale mail        |    28 |    14 ||    42
Dodge: Dodged            |    34 |    29 ||    63
Block: Buckler           |    11 |     4 ||    15
